 Dungeon Crawl Stone Soup version 0.28-a0-1128-gb845255321 (webtiles) character file.

Game seed: 11384955935659985670

14956 Conn the Thaumaturge (level 11, -4/85 HPs)
             Began as a Deep Elf Ice Elementalist on Dec 12, 2021.
             Was a Priest of Sif Muna.
             Slain by a yak (7 damage)
             ... on level 12 of the Dungeon.
             The game lasted 00:43:36 (14126 turns).

Conn the Thaumaturge (Deep Elf Ice Elementalist)   Turns: 14126, Time: 00:43:37

Health: -4/85      AC: 29    Str:  5    XL:     11   Next: 95%
Magic:  4/39       EV:  2    Int: 25    God:    Sif Muna [***...]
Gold:   594        SH:  0    Dex: 15    Spells: 16/37 levels left

rFire   + . .      SeeInvis .   x - staff of fire
rCold   . . .      Faith    .   (no shield)
rNeg    . . .      Spirit   .   (armour currently unavailable)
rPois   +          Reflect  .   (helmet currently unavailable)
rElec   .          Harm     .   (cloak currently unavailable)
rCorr   .          Rampage  .   (gloves currently unavailable)
Will    +....      NoTele   +   (boots currently unavailable)
Stlth   +++.......              (no amulet)
HPRegen 0.24/turn               e - +4 ring of protection
MPRegen 0.26/turn               u - ring of magical power

@: tree-form, invisible
A: stationary, stasis, torment immunity, boosted hp
a: Renounce Religion, Channel Magic, Forget Spell


You were on level 12 of the Dungeon.
You worshipped Sif Muna.
Sif Muna was most pleased with you.
You were a tree.
You visited 2 branches of the dungeon, and saw 13 of its levels.

You collected 670 gold pieces.
You spent 76 gold pieces at shops.

Inventory:

Hand Weapons
 c - a +4 short sword of holy wrath
Missiles
 a - 2 curare-tipped darts
Armour
 m - the +4 skin of Zhor (melded) {*Englaciate rC+++ SInv}
   (You found it on level 8 of the Dungeon)

   It radiates cold, occasionally slowing all nearby creatures who are not
   resistant to cold.
   rC:        It renders you almost immune to cold.
   SInv:      It lets you see invisible.
 v - the +1 scale mail of Sif Muna's Generosity {Str+4}
   (You took it off a wight on level 7 of the Dungeon)

   Str:       It affects your strength (+4).
 y - a +0 buckler
 z - a +2 cloak (melded)
 A - a +1 helmet (melded)
 B - a +2 pair of gloves (melded)
Magical Staves
 g - a staff of cold
 x - a staff of fire (weapon)
Jewellery
 e - a +4 ring of protection (left branch)
 l - a ring of positive energy
 o - a ring of flight
 p - a ring of resist corrosion
 u - a ring of magical power (right branch)
Wands
 E - a wand of iceblast (7)
 G - a wand of flame (17)
Scrolls
 i - 2 scrolls of amnesia
 q - a scroll of blinking
 w - a scroll of teleportation
Potions
 d - 2 potions of mutation
 j - a potion of haste
 k - 2 potions of curing
 s - a potion of lignification
 t - a potion of brilliance
 D - a potion of ambrosia


   Skills:
 + Level 2.2 Fighting
 + Level 4.9 Short Blades
 + Level 2.5 Staves
 + Level 5.6 Dodging
 + Level 6.0 Stealth
 + Level 13.9 Spellcasting
 * Level 6.1 Conjurations
 + Level 2.7 Summonings
 * Level 5.7 Translocations
 + Level 11.2 Ice Magic
 * Level 6.1 Invocations
 + Level 0.2 Evocations


You had 16 spell levels left.
You knew the following spells:

 Your Spells              Type           Power      Damage    Failure   Level
a - Freeze                Ice            100%       1d11      1%          1
b - Frozen Ramparts       Ice            100%       1d12      1%          3
c - Ozocubu's Armour      Ice            65%        N/A       1%          3
d - Hailstorm             Conj/Ice       57%        3d12      1%          4
e - Summon Ice Beast      Ice/Summ       51%        N/A       1%          4
f - Dispersal             Tloc           23%        N/A       43%         6

Your spell library contained the following spells:

 Spells                   Type           Power      Damage    Failure   Level
 Apportation              Tloc           92%        N/A       1%          1
 Summon Small Mammal      Summ           100%       N/A       1%          1
 Animate Skeleton         Necr           34%        N/A       3%          1
 Pain                     Necr           68%        1d7       3%          1
 Slow                     Hex            68%        N/A       3%          1
 Ice Form                 Ice/Tmut       45%        N/A       3%          4
 Corpse Rot               Necr/Air       34%        N/A       4%          2
 Poisonous Vapours        Pois/Air       34%        N/A       4%          2
 Confusing Touch          Hex            17%        N/A       10%         3
 Vampiric Draining        Necr           17%        2d7       10%         3
 Disjunction              Tloc           23%        N/A       100%        8


Dungeon Overview and Level Annotations

Branches:
Dungeon (12/15)            Temple (1/1) D:6            Lair (0/6) D:10
    Orc (0/2) D:10

Altars:
Ashenzari
Cheibriados
Dithmenos
Elyvilon
Kikubaaqudgha
Makhleb
Nemelex Xobeh
Okawaru
Ru
Sif Muna
Uskayaw
Vehumet
Wu Jian
Xom
Zin
The Shining One

Shops:
D:3 [

Annotations:
D:11 Decritt's ghost, journeyman GrFi; Gilette's ghost, journeyman DsFi; Necrophagist's ghost, journeyman DjCj; fly's ghost, journeyman FoDe


Message History

Press: ? - help, Dir - look around, f - activate A cannonade of hail descends around you!
The hail pelts the yak!
You kill the yak!
Sif Muna accepts your kill.
The hail pelts the two-headed ogre!
The two-headed ogre is almost dead.
The hail pelts the efreet.
The efreet is frozen!
The efreet is lightly wounded.
The yak gores you but does no damage.
Your Conjurations skill increases to level 6!
Casting: Hailstorm (mildly dangerous; 1% risk of failure)
Confirm with . or Enter, or press ? or * to list all spells.
Casting: Hailstorm (mildly dangerous; 1% risk of failure)
Press: ? - help, Dir - look around, f - activate
Okay, then.
You feel better.
The two-headed ogre hits you but does no damage.
The two-headed ogre hits you with a +0 giant club!
* * * LOW HITPOINT WARNING * * *
The yak gores you but does no damage.
Casting: Hailstorm (mildly dangerous; 1% risk of failure)
Confirm with . or Enter, or press ? or * to list all spells.
Okay, then.
Okay, then.
Unknown command.
Okay, then.
Unknown command.
Casting: Hailstorm (mildly dangerous; 1% risk of failure)
Confirm with . or Enter, or press ? or * to list all spells.
Aiming: Freeze (safe; 1% risk of failure)
Press: ? - help, Shift-Dir - straight line, f - two-headed ogre
Aim: a two-headed ogre, wielding two +0 giant clubs (almost dead)
You freeze the two-headed ogre!
The two-headed ogre is almost dead.
The two-headed ogre hits you with a +0 giant club.
* * * LOW HITPOINT WARNING * * *
The two-headed ogre hits you but does no damage.
The yak gores you!
You die...

......°....##
.......○....#
............#
............#..
..☼..##........
......#○....... .
.......○####.#....
.<.[..))☼O.##...#
.......DRY♣.....#
.......Yg...#.....
........#.### ....
.<......### ..
.........
......... .......


You could see an eight-headed hydra (wandering), a two-headed ogre, 2 yaks, an
efreet and a gnoll sergeant (wandering).

Vanquished Creatures
  Fannar (D:12)
  Erolcha (D:12)
  A hydra (D:11)
  A two-headed ogre (D:12)
  2 ugly things
  Maurice (D:10)
  4 rime drakes (D:8)
  An unseen horror (D:11)
  An efreet (D:12)
  2 hornets (D:9)
  Prince Ribbit (D:7)
  A slime creature (D:9)
  A shadow (D:10)
  2 wyverns
  12 yaks
  2 steam dragons
  A water moccasin (D:7)
  3 acid dragons
  A swamp drake (D:10)
  A hornet zombie (D:7)
  4 orc warriors
  2 black bears
  An ice beast (D:5)
  A sky beast (D:8)
  2 necrophages (D:5)
  2 ogres
  4 centaurs
  2 phantoms (D:6)
  2 kobold brigands
  2 gnoll sergeants (D:6)
  4 bullfrogs
  2 scorpions (D:5)
  14 killer bees (D:9)
  11 wights
  3 howler monkeys (D:8)
  A centaur zombie (D:10)
  2 bullfrog zombies
  Crazy Yiuf (D:7)
  4 hounds
  6 jellies
  2 centaur skeletons (D:7)
  4 orc priests
  Jessica (D:2)
  Terence (D:2)
  3 iguanas
  5 orc wizards
  A killer bee zombie (D:9)
  7 gnolls (D:6)
  5 adders
  2 white imps
  5 worms
  4 dart slugs
  40 orcs
  6 bats
  21 endoplasms
  5 giant cockroaches
  12 goblins
  6 hobgoblins
  2 quokkas
  2 ball pythons
  4 frilled lizards
  14 kobolds
  A quokka skeleton (D:4)
  8 rats
271 creatures vanquished.

Vanquished Creatures (collateral kills)
  A boulder beetle (D:11)
  A centaur zombie (D:10)
  A rime drake (D:8)
  A komodo dragon (D:10)
  A queen bee (D:9)
  A wraith (D:10)
  5 killer bees (D:9)
  A wight (D:8)
12 creatures vanquished.

Vanquished Creatures (others)
  4 fungi (D:9)
4 creatures vanquished.

Grand Total: 287 creatures vanquished

Notes
Turn   | Place    | Note
-------+----------+-------------------------------------------
     0 | D:1      | Conn the Deep Elf Ice Elementalist began the quest for the
                  | Orb.
     0 | D:1      | Reached XP level 1. HP: 10/10 MP: 6/6
   104 | D:1      | Reached XP level 2. HP: 12/15 MP: 4/8
   555 | D:1      | Reached skill level 5 in Ice Magic
  1041 | D:2      | Found a shadowy altar of Dithmenos.
  1063 | D:2      | Reached XP level 3. HP: 19/19 MP: 6/10
  1250 | D:2      | Reached skill level 4 in Spellcasting
  1332 | D:2      | Noticed Terence
  1340 | D:2      | Killed Terence
  1341 | D:2      | Reached XP level 4. HP: 24/24 MP: 7/12
  1687 | D:2      | Noticed Jessica
  1693 | D:2      | Killed Jessica
  2263 | D:2      | Learned a level 3 spell: Frozen Ramparts
  2267 | D:2      | Learned a level 3 spell: Ozocubu's Armour
  2272 | D:2      | Learned a level 4 spell: Hailstorm
  2523 | D:2      | Reached XP level 5. HP: 14/28 MP: 9/14
  2877 | D:3      | Found a faded altar of an unknown god.
  2995 | D:3      | Found Denesy's Antique Armour Boutique.
  3181 | D:3      | Bought a cloak for 76 gold pieces
  3475 | D:4      | Reached skill level 5 in Spellcasting
  3810 | D:4      | Reached XP level 6. HP: 14/32 MP: 4/16
  4237 | D:5      | Entered Level 5 of the Dungeon
  4267 | D:5      | Noticed an ice beast
  4283 | D:5      | Killed an ice beast
  4383 | D:5      | Reached skill level 6 in Spellcasting
  4494 | D:5      | Noticed a wyvern
  4498 | D:5      | Killed a wyvern
  4499 | D:5      | Reached skill level 1 in Short Blades
  4499 | D:5      | Reached XP level 7. HP: 30/36 MP: 9/18
  4693 | D:5      | Reached skill level 7 in Spellcasting
  5001 | D:5      | Found a burning altar of Makhleb.
  5028 | D:5      | Found a sacrificial altar of Ru.
  5036 | D:5      | Found a hide-covered altar of Uskayaw.
  5044 | D:5      | Found a shimmering altar of Xom.
  5052 | D:5      | Found an iron altar of Okawaru.
  5059 | D:5      | Found a radiant altar of Vehumet.
  5064 | D:5      | Found a broken altar of Ashenzari.
  5228 | D:5      | Reached skill level 8 in Spellcasting
  5358 | D:6      | Reached XP level 8. HP: 42/42 MP: 19/22
  5648 | D:6      | Found a staircase to the Ecumenical Temple.
  5661 | D:6      | Reached skill level 9 in Spellcasting
  5757 | Temple   | Entered the Ecumenical Temple
  5765 | Temple   | Became a worshipper of Sif Muna the Loreminder
  6787 | D:7      | Reached skill level 1 in Fighting
  6959 | D:7      | Reached skill level 10 in Spellcasting
  6959 | D:7      | Reached XP level 9. HP: 22/47 MP: 25/25
  7297 | D:7      | Noticed Prince Ribbit
  7316 | D:7      | Killed Prince Ribbit
  7458 | D:7      | Reached * piety under Sif Muna
  7465 | D:7      | Reached skill level 5 in Stealth
  7757 | D:7      | Identified the +1 scale mail of Sif Muna's Generosity
                  | {Str+4}
  8148 | D:7      | Found a runed translucent door.
  8149 | D:7      | Noticed Crazy Yiuf
  8159 | D:7      | Killed Crazy Yiuf
  8298 | D:7      | Reached skill level 1 in Invocations
  8700 | D:8      | Reached skill level 11 in Spellcasting
  9137 | D:8      | Learned a level 4 spell: Summon Ice Beast
  9144 | D:8      | Learned a level 6 spell: Dispersal
  9223 | D:8      | Noticed a rime drake
  9224 | D:8      | Found the +4 skin of Zhor {*Englaciate rC+++ SInv}
  9244 | D:8      | Noticed a rime drake
  9306 | D:8      | Noticed a rime drake
  9306 | D:8      | Noticed a rime drake
  9307 | D:8      | Noticed a rime drake
  9347 | D:8      | Reached skill level 1 in Translocations
  9373 | D:8      | Reached skill level 1 in Summonings
  9380 | D:8      | Reached skill level 1 in Conjurations
  9546 | D:8      | Killed a rime drake
  9550 | D:8      | Killed a rime drake
  9551 | D:8      | Reached XP level 10. HP: 24/52 MP: 27/27
  9875 | D:8      | Reached skill level 5 in Dodging
  9977 | D:8      | HP: 2/53 [rime drake/flash freeze (17)]
  9982 | D:8      | Reached skill level 10 in Ice Magic
 10249 | D:8      | Found a shadowy altar of Dithmenos.
 10383 | D:9      | Reached ** piety under Sif Muna
 10391 | D:9      | Reached skill level 12 in Spellcasting
 11012 | D:9      | Reached *** piety under Sif Muna
 11132 | D:9      | Paralysed by a hornet for 1 turns
 11304 | D:9      | Identified a scroll of acquirement
 11305 | D:9      | Acquired a staff of cold
 11549 | D:9      | Reached XP level 11. HP: 56/57 MP: 29/29
 11845 | D:10     | Entered Level 10 of the Dungeon
 11996 | D:10     | Found a staircase to the Lair.
 12019 | D:10     | Noticed a white ugly thing
 12057 | D:10     | Noticed Maurice
 12076 | D:10     | Killed Maurice
 12289 | D:10     | Reached skill level 1 in Staves
 12457 | D:10     | Found a staircase to the Orcish Mines.
 12474 | D:10     | Reached skill level 5 in Invocations
 13039 | D:11     | Noticed a boulder beetle
 13056 | D:11     | Killed a boulder beetle
 13057 | D:11     | Reached skill level 13 in Spellcasting
 13057 | D:11     | Reached skill level 5 in Translocations
 13237 | D:11     | Noticed a four-headed hydra
 13264 | D:11     | Killed a four-headed hydra
 13265 | D:11     | Reached skill level 5 in Conjurations
 13494 | D:11     | Identified the +0 long sword "Beetleslayer" {elec, Fragile
                  | Dex+4 Stlth+}
 13608 | D:11     | Noticed a red ugly thing
 13615 | D:11     | Killed a red ugly thing
 13695 | D:11     | Found a runed translucent gate.
 13695 | D:11     | Found a runed translucent gate.
 13926 | D:11     | Found a runed translucent gate.
 13931 | D:11     | Noticed fly's ghost (journeyman FoDe)
 14035 | D:11     | Noticed Gilette's ghost (journeyman DsFi)
 14035 | D:11     | Noticed Necrophagist's ghost (journeyman DjCj)
 14035 | D:11     | Noticed Decritt's ghost (journeyman GrFi)
 14035 | D:11     | Noticed fly's ghost (journeyman FoDe)
 14086 | D:12     | Noticed Fannar
 14099 | D:12     | Killed Fannar
 14105 | D:12     | Noticed a green ugly thing
 14116 | D:12     | Noticed Erolcha
 14116 | D:12     | Noticed a two-headed ogre
 14117 | D:12     | Noticed a two-headed ogre
 14120 | D:12     | Killed a two-headed ogre
 14121 | D:12     | Noticed an eight-headed hydra
 14122 | D:12     | Killed a green ugly thing
 14123 | D:12     | Killed Erolcha
 14126 | D:12     | HP: 3/85 [two-headed ogre (5)]
 14126 | D:12     | Slain by a yak

Illustrated notes

Levels and vault maps discovered:
D:1:      saegor_arrival_under_anarchy, layout_loops_ring
D:2:      layout_basic, basic_altar, serial_bayou_pond_d, uniq_terence,
          uniq_jessica
D:3:      layout_rooms, hellmonk_ecumenical_altar_pennies_from_heaven,
          serial_shops, shop, grunt_ministairs_14
D:4:      minmay_general_purpose_star, layout_cave_pools
D:5:      layout_layer_cave, grunt_temple_overflow_octagram,
          hangedman_decor_points, hangedman_decor_peaks_small
D:6:      layout_cave_pods, minmay_temple_entry_glass, minivault_24
D:7:      layout_loops_ring, uniq_prince_ribbit1, uniq_crazy_yiuf_cottage
D:8:      layout_basic, mainiacjoe_overflow_brackets,
          hellmonk_guarded_unrand_zhor
D:9:      lemuel_slime, layout_basic, special_room [special_room_bee]
D:10:     layout_gridville, lair_entry_dummy, erik_orc_1, minmay_microvault,
          uniq_maurice
D:11:     layout_small_grid, gammafunk_ghost_cemetery
D:12:     layout_cave_pools, uniq_erolcha, uniq_fannar
Temple:   eino_temple_lava

Skill      XL: |  1  2  3  4  5  6  7  8  9 10 11 |
---------------+----------------------------------+-----
Ice Magic      | 5 6 7 8 9 10 11 | 11.2
Spellcasting   | 4 5 6 8 10 11 12 13 | 13.9
Stealth        | 3 4 5 6 |  6.0
Short Blades   | 1 3 4 |  4.9
Dodging        | 3 4 5 |  5.6
Fighting       | 1 2 |  2.2
Invocations    | 2 4 6 |  6.1
Translocations | 1 4 5 |  5.7
Summonings     | 1 2 |  2.7
Conjurations   | 1 3 6 |  6.1
Staves         | 2 |  2.5
Evocations     | |  0.2

Action                   |  1- 3 |  4- 6 |  7- 9 | 10-12 || total
-------------------------+-------+-------+-------+-------++-------
Melee: Dagger            |     9 |       |       |       ||     9
       Short sword       |       |    30 |   159 |    24 ||   213
       Staff             |       |       |     7 |    77 ||    84
 Cast: Freeze            |    44 |    92 |    84 |    50 ||   270
       Frozen Ramparts   |       |     3 |    15 |     7 ||    25
       Ozocubu's Armour  |       |     3 |    21 |    10 ||    34
       Hailstorm         |       |       |    10 |    63 ||    73
       Summon Ice Beast  |       |       |     4 |    16 ||    20
Invok: Channel Magic     |       |       |       |     1 ||     1
Evoke: Wand              |       |       |       |     5 ||     5
  Use: Potion            |     1 |       |     3 |     7 ||    11
       Scroll            |       |     1 |     6 |    10 ||    17
 Stab: Sleeping          |     2 |     8 |     9 |     4 ||    23
       Invisible         |       |       |     4 |       ||     4
       Distracted        |       |       |       |     3 ||     3
Armor: Robe              |     5 |    31 |    85 |     3 ||   124
       Animal skin       |       |       |       |    77 ||    77
       Skin              |       |       |       |     6 ||     6
Dodge: Dodged            |    18 |    56 |   156 |   145 ||   375

Table legend: (Time is in decaauts)
 A = Elapsed time spent in this place.
 B = Non-inter-level travel time spent in this place.
 C = Inter-level travel time spent in this place.
 D = Time resting spent in this place.
 E = Time spent auto-exploring this place.
 F = Levels seen in this place.
 G = Mean time per level.
                   A        B        C        D        E       F      G
               +--------+--------+--------+--------+--------+-----+--------+
         Total |  14149 |  13858 |    291 |    465 |  10050 |  13 | 1088.4 |
       Dungeon |  14132 |  13841 |    291 |    465 |  10050 |  12 | 1177.7 |
        Temple |     16 |     16 |      0 |      0 |      0 |   1 |   16.0 |
               +--------+--------+--------+--------+--------+-----+--------+

Top non-repeatable levels by time:
     D:7: 1790 daAuts
     D:2: 1667 daAuts
     D:6: 1597 daAuts
     D:9: 1511 daAuts
     D:8: 1461 daAuts
     D:5: 1226 daAuts
    D:10: 1139 daAuts
    D:11: 1123 daAuts
     D:4: 1028 daAuts
     D:1: 1005 daAuts
     D:3: 542 daAuts
    D:12: 39 daAuts
  Temple: 16 daAuts
